Map: Prion Terraces

Players

juhyg

  • Race: Zerg Zerg

UNREAL - Winner!

  • Race: Protoss Protoss
  • League: Silver

VOD

Have the link to the VOD?

Description

Time

  • Played on: Nov. 18, 2015, 3:43 p.m.
  • Length: 25:28
Show
View Real Time Build Order
Export as new Build Order

juhyg Zerg 

Build Orders: Pool First, Roach Nydus 

Get SALT Encoding   

  12  0:12  Overlord  
  12  0:18  Drone  
  13  0:32  Spawning Pool  
  12  0:36  Drone  
  12  0:39  Drone  
  14  0:43  Drone  
  15  0:50  Drone  
  16  1:02  Extractor  
  15  1:09  Overlord  
  15  1:15  Drone  
  16  1:23  Queen  
  18  1:36  Zergling x4  
  20  1:51  Zergling x2  
  20  1:53  Zergling x2  
  22  2:09  Zergling x2  
  23  2:18  Metabolic Boost  
  23  2:21  Zergling x2  
  21  2:57  Zergling x8  
  21  2:58  Zergling x2  
  24  3:27  Hatchery  
  24  3:30  Zergling x2  
  24  3:31  Zergling x8  
  25  3:56  Zergling x4  
  25  4:01  Drone, Roach Warren  
  27  4:03  Overlord x3  
  27  4:18  Spine Crawler  
  26  4:24  Spine Crawler  
  25  4:35  Lair  
  25  4:42  Zergling x2  
  25  4:43  Roach x3  
  25  4:44  Roach x2  
  27  5:05  Roach  
  27  5:07  Roach  
  31  5:20  Roach  
  37  5:21  Roach x3  
  39  5:51  Nydus Network  
  35  6:16  Overseer  
  35  6:24  Drone x2, Roach  
  39  6:39  Zergling x6  
  42  6:43  Roach x2  
  46  6:47  Zergling x2  
  47  7:00  Zergling x2  
  48  7:03  Zergling x2  
  49  7:29  Zergling x6  
  52  7:39  Nydus Canal  
  52  7:44  Roach  
  52  7:46  Overlord  
  54  8:01  Overlord x2  
  54  8:07  Zergling x4  
  45  8:58  Roach x6  
  57  9:14  Zergling x2  
  56  9:31  Zergling x2  
  51  9:32  Roach  
  51  9:33  Roach x2  
  56  10:32  Roach x5  
  65  11:33  Nydus Canal  
  65  11:56  Hatchery  
  65  11:59  Roach x2  
  65  12:00  Zergling x2, Overlord  
  65  12:01  Overlord x2  
  69  12:36  Roach x2  
  69  12:37  Roach x3  
  79  12:51  Zergling x2  
  79  12:56  Glial Reconstitution  
  67  14:38  Roach x4  
  73  14:47  Ravager x3  
  46  15:39  Roach  
  46  15:40  Zergling x4  
  41  15:44  Zergling x6  
  31  16:02  Hatchery  
  30  16:24  Extractor  
  29  16:35  Hatchery  
  29  16:38  Drone  
  29  16:39  Drone x2  
  31  16:52  Zergling x12  
  37  16:57  Queen  
  39  17:26  Zergling x8  
  39  17:27  Zergling x4  
  45  17:33  Queen  
  47  17:56  Zergling x8  
  51  17:59  Zergling x4  
  51  18:00  Zergling x8  
  41  19:38  Queen  
  41  19:39  Queen  
  27  21:11  Zergling x10  
  22  21:12  Zergling x12  
  22  21:13  Zergling x2  
  26  21:42  Zergling x4  
  26  21:43  Zergling x10  
  32  21:52  Drone  
  16  23:34  Drone x2  
  15  24:08  Drone  
  16  24:39  Drone x2  
Show
View Real Time Build Order
Export as new Build Order

UNREAL Protoss - Winner!

Build Orders:  

Get SALT Encoding   

  12  0:25  Probe (Chrono Boost)  
  13  0:36  Probe (Chrono Boost)  
  14  0:44  Pylon  
  14  0:46  Probe (Chrono Boost)  
  15  0:56  Pylon  
  15  1:10  Assimilator  
  15  1:16  Pylon  
  15  1:25  Gateway  
  15  1:27  Gateway  
  15  1:32  Gateway  
  15  1:43  Gateway  
  16  1:47  Probe (Chrono Boost)  
  16  1:57  Forge, Probe (Chrono Boost)  
  17  2:12  Probe (Chrono Boost)  
  18  2:16  Zealot  
  18  2:17  Zealot  
  18  2:21  Zealot  
  24  2:33  Zealot  
  26  2:44  Pylon  
  26  2:49  Probe (Chrono Boost)  
  25  2:54  Zealot x2  
  27  3:15  Photon Cannon  
  27  3:17  Photon Cannon  
  21  3:43  Photon Cannon  
  21  3:47  Pylon  
  19  3:52  Cybernetics Core  
  19  4:07  Photon Cannon  
  19  4:09  Photon Cannon  
  19  4:25  Assimilator  
  19  4:30  Assimilator  
  19  4:33  Pylon  
  19  4:37  Pylon  
  19  4:44  Photon Cannon  
  19  5:13  Probe (Chrono Boost)  
  20  5:24  Probe (Chrono Boost)  
  21  5:35  Probe (Chrono Boost)  
  22  5:41  Pylon  
  22  5:45  Probe (Chrono Boost)  
  23  5:50  Pylon  
  23  5:54  Protoss Shields Level 1  
  23  5:56  Probe (Chrono Boost)  
  24  6:01  Photon Cannon  
  24  6:08  Photon Cannon  
  24  6:16  Mothership Core (Chrono Boost)  
  26  6:32  Photon Cannon  
  26  6:34  Probe (Chrono Boost)  
  26  6:38  Photon Cannon  
  27  6:45  Probe (Chrono Boost)  
  28  6:55  Probe (Chrono Boost)  
  29  7:06  Probe (Chrono Boost)  
  30  7:16  Probe (Chrono Boost)  
  30  7:20  Twilight Council  
  30  7:22  Pylon  
  31  7:27  Probe (Chrono Boost), Photon Cannon  
  32  7:38  Photon Cannon  
  32  7:50  Photon Cannon  
  32  7:53  Pylon  
  32  8:05  Nexus  
  25  9:36  Nexus  
  24  10:05  Pylon  
  24  10:56  Forge  
  23  11:12  Probe (Chrono Boost)  
  24  11:22  Probe (Chrono Boost)  
  25  11:32  Photon Cannon  
  25  11:33  Probe (Chrono Boost)  
  25  11:34  Photon Cannon  
  26  11:40  Pylon  
  26  11:43  Probe (Chrono Boost)  
  27  11:49  Photon Cannon  
  28  11:54  Probe (Chrono Boost)  
  28  12:04  Photon Cannon  
  28  12:18  Pylon  
  28  12:26  Pylon  
  28  12:27  Assimilator  
  28  12:42  Gateway  
  28  12:48  Gateway  
  28  12:52  Probe (Chrono Boost)  
  28  12:57  Assimilator  
  29  13:00  Photon Cannon  
  29  13:02  Probe (Chrono Boost)  
  30  13:09  Photon Cannon  
  30  13:13  Probe (Chrono Boost)  
  31  13:23  Probe (Chrono Boost)  
  33  13:34  Probe (Chrono Boost)  
  33  13:44  Cybernetics Core  
  33  14:08  Pylon  
  24  14:34  Pylon  
  24  15:08  Nexus  
  23  17:02  Nexus  
  23  17:28  Pylon  
  23  17:34  Pylon  
  23  18:18  Forge  
  23  18:42  Probe (Chrono Boost)  
  24  18:52  Probe (Chrono Boost)  
  24  18:56  Photon Cannon  
  24  19:03  Probe (Chrono Boost), Photon Cannon  
  24  19:08  Pylon  
  25  19:12  Photon Cannon  
  25  19:14  Probe (Chrono Boost)  
  26  19:36  Photon Cannon  
  26  19:41  Photon Cannon  
  26  19:47  Photon Cannon  
  26  19:51  Photon Cannon  
  25  20:17  Assimilator  
  25  20:20  Gateway  
  25  20:23  Gateway  
  25  20:28  Gateway  
  25  20:31  Assimilator  
  25  20:33  Pylon  
  14  21:38  Probe (Chrono Boost)  
  14  21:49  Probe (Chrono Boost)  
  15  21:57  Cybernetics Core  
  15  21:59  Probe (Chrono Boost)  
  16  22:03  Photon Cannon  
  16  22:07  Photon Cannon  
  16  22:10  Probe (Chrono Boost)  
  16  22:14  Photon Cannon  
  17  22:20  Probe (Chrono Boost)  
  16  22:31  Probe (Chrono Boost)  
  17  22:37  Stalker x3  
  17  22:41  Probe (Chrono Boost)  
  24  22:52  Mothership Core (Chrono Boost)  
  26  23:09  Warp Gate  
  26  23:11  Probe (Chrono Boost)  
  27  23:13  Protoss Ground Armor Level 1  
  25  23:21  Probe (Chrono Boost)  
  26  23:32  Stalker x3, Probe (Chrono Boost)  
  33  24:03  Gateway  
  33  24:12  Stalker  
  33  24:13  Stalker x2  
  33  24:14  Pylon  
  39  24:23  Gateway  
  39  24:24  Photon Cannon  
  39  24:47  Pylon  
  39  24:50  Stalker x2  
  39  24:51  Stalker  
  45  24:53  Stalker  
  47  25:06  Probe (Chrono Boost)  
  48  25:10  Pylon  
  48  25:16  Probe (Chrono Boost)  
Tags
 
Add a new tag
Caveats
  • Supply blocks, unpowered buildings, or Contaminate may cause inaccurate times.
  • Supply counts are checked every 10 seconds.